| TOP OF THE 1ST |
|
Minnesota Twins batting - Pitching for Chicago White Sox : RHP Adam Ratcliff
|
|
Pitching: RHP Adam Ratcliff
|
|
|
Batting: RHB Greg Harman
|
0-0: Foul Ball, location: 2F 0-1: Ball 1-1: Ball 2-1: Swinging Strike 2-2: Foul Ball, location: 2F 2-2: Strikes out swinging
|
|
Batting: RHB Matt Dunn
|
0-0: Swinging Strike 0-1: Foul Ball, location: 2F 0-2: Ball 1-2: Strikes out swinging, 2-3 out at first.
|
|
Batting: LHB Ricardo Batista
|
0-0: Called Strike 0-1: Ball 1-1: Foul Ball, location: 2F 1-2: Ball 2-2: Strikes out looking
|
| Top of the 1st over - 0 runs, 0 hits, 0 errors, 0 left on base; Minnesota 0 - Chicago 0 |
| BOTTOM OF THE 1ST |
|
Chicago White Sox batting - Pitching for Minnesota Twins : RHP Bud Puffer
|
|
Pitching: RHP Bud Puffer
|
|
|
Batting: SHB Bartholomeu Chambino
|
0-0: Ball 1-0: Ball 2-0: Fly out, F8 (Flyball, 8LD, EV 90.0 MPH)
|
|
Batting: SHB Gus Berry
|
0-0: Called Strike 0-1: SINGLE (Flyball, 8RS, EV 84.4 MPH)
|
|
Batting: LHB Randy Rosenberry
|
0-0: Called Strike 0-1: Ball 1-1: Swinging Strike 1-2: Grounds into double play, 5-4-3 (Groundball, 56, EV 95.0 MPH)
|
| Bottom of the 1st over - 0 runs, 1 hit, 0 errors, 0 left on base; Minnesota 0 - Chicago 0 |
| TOP OF THE 2ND |
|
Minnesota Twins batting - Pitching for Chicago White Sox : RHP Adam Ratcliff
|
|
Batting: RHB Will Leslie
|
0-0: Ball 1-0: SINGLE (Groundball, 34D, EV 94.4 MPH)
|
|
Batting: RHB Miguel Gonzalez
|
0-0: Foul Ball, location: 2F 0-1: Ball 1-1: Fly out, F3 (Popup, 23F, EV 81.2 MPH)
|
|
Batting: LHB Per Meulengracht
|
0-0: Fly out, F8 (Flyball, 78D, EV 86.9 MPH)
|
|
Batting: LHB Ryan Flynn Jr.
|
0-0: Called Strike 0-1: Swinging Strike 0-2: Foul Ball, location: 2F 0-2: Ball 1-2: Ground out 4-3 (Groundball, 34D, EV 92.5 MPH)
|
| Top of the 2nd over - 0 runs, 1 hit, 0 errors, 1 left on base; Minnesota 0 - Chicago 0 |
| BOTTOM OF THE 2ND |
|
Chicago White Sox batting - Pitching for Minnesota Twins : RHP Bud Puffer
|
|
Batting: RHB Joseph Disepolo
|
0-0: Called Strike 0-1: Ball 1-1: Fly out, F9 (Flyball, 9LSF, EV 88.1 MPH)
|
|
Batting: RHB Dietmar Warmisch
|
0-0: Ball 1-0: Swinging Strike 1-1: Ball 2-1: Swinging Strike 2-2: SINGLE (Groundball, 6MD, EV 108.8 MPH)
|
|
Batting: LHB Sidney Pedder
|
0-0: Ball 1-0: Called Strike 1-1: SINGLE (Groundball, 6MD, EV 101.9 MPH) Dietmar Warmisch to second Runner from 2nd tries for 3rd, SAFE after rundown.
|
|
Batting: RHB Dieter Knoops
|
0-0: Ball 1-0: Ball Sidney Pedder steals 2nd base 2-0: Called Strike 2-1: Swinging Strike 2-2: Ground out 4-3 (Groundball, 4, EV 95.0 MPH) Dietmar Warmisch scores Sidney Pedder to third
|
|
Batting: RHB Chris Cooper
|
0-0: Ball 1-0: Swinging Strike 1-1: Ball 2-1: Ball 3-1: Foul Ball, location: 2F 3-2: Foul Ball, location: 2F 3-2: Fly out, F3 (Line Drive, 3L, EV 70.0 MPH)
|
| Bottom of the 2nd over - 1 run, 2 hits, 0 errors, 1 left on base; Minnesota 0 - Chicago 1 |
| TOP OF THE 3RD |
|
Minnesota Twins batting - Pitching for Chicago White Sox : RHP Adam Ratcliff
|
|
Batting: LHB Harris Vink
|
0-0: SINGLE (Groundball, 4D, EV 108.8 MPH)
|
|
Batting: RHB Alex Sandoval
|
0-0: Called Strike 0-1: Called Strike 0-2: Foul Ball, location: 2F 0-2: Fly out, F4 (Popup, 4, EV 55.0 MPH)
|
|
Batting: RHB Greg Harman
|
0-0: Called Strike 0-1: Ball 1-1: Ball 2-1: Ball 3-1: Base on Balls Harris Vink to second
|
|
Batting: RHB Matt Dunn
|
0-0: Called Strike 0-1: Foul Ball, location: 2F 0-2: Strikes out swinging
|
|
Batting: LHB Ricardo Batista
|
0-0: Called Strike 0-1: Foul Ball, location: 2F 0-2: Ball 1-2: Foul Ball, location: 2F 1-2: Ball 2-2: Foul Ball, location: 2F 2-2: Foul Ball, location: 2F 2-2: Ball 3-2: Base on Balls Harris Vink to third Greg Harman to second
|
|
Batting: RHB Will Leslie
|
0-0: Fielders Choice at 2nd, 6-4 (Groundball, 6, EV 105.6 MPH)
|
| Top of the 3rd over - 0 runs, 1 hit, 0 errors, 3 left on base; Minnesota 0 - Chicago 1 |
| BOTTOM OF THE 3RD |
|
Chicago White Sox batting - Pitching for Minnesota Twins : RHP Bud Puffer
|
|
Batting: RHB Jon Solano
|
0-0: Ball 1-0: Ball 2-0: Called Strike 2-1: Foul Ball, location: 2F 2-2: Ball 3-2: Base on Balls
|
|
Batting: SHB Bartholomeu Chambino
|
0-0: Called Strike 0-1: Fielders Choice at 2nd, 6-4 (Groundball, 6M, EV 106.2 MPH)
|
|
Batting: SHB Gus Berry
|
0-0: Swinging Strike 0-1: Called Strike 0-2: Foul Ball, location: 2F 0-2: Ball 1-2: Grounds into double play, 4-6-3 (Groundball, 4, EV 83.1 MPH)
|
| Bottom of the 3rd over - 0 runs, 0 hits, 0 errors, 0 left on base; Minnesota 0 - Chicago 1 |
| TOP OF THE 4TH |
|
Minnesota Twins batting - Pitching for Chicago White Sox : RHP Adam Ratcliff
|
|
Batting: RHB Miguel Gonzalez
|
0-0: Fly out, F7 (Flyball, 7LD, EV 100.0 MPH)
|
|
Batting: LHB Per Meulengracht
|
0-0: Fly out, F7 (Flyball, 78S, EV 81.2 MPH)
|
|
Batting: LHB Ryan Flynn Jr.
|
0-0: DOUBLE (Line Drive, 9LM, EV 93.1 MPH)
|
|
Batting: LHB Harris Vink
|
0-0: Ball 1-0: Ball 2-0: Foul Ball, location: 2F 2-1: Swinging Strike 2-2: Strikes out looking
|
| Top of the 4th over - 0 runs, 1 hit, 0 errors, 1 left on base; Minnesota 0 - Chicago 1 |
| BOTTOM OF THE 4TH |
|
Chicago White Sox batting - Pitching for Minnesota Twins : RHP Bud Puffer
|
|
Batting: LHB Randy Rosenberry
|
0-0: Ball 1-0: Foul Ball, location: 2F 1-1: Ball 2-1: Fly out, F2 (Popup, 5SF, EV 78.8 MPH)
|
|
Batting: RHB Joseph Disepolo
|
0-0: Ball 1-0: Ball 2-0: Reached on error, E4 (Groundball, 4, EV 108.8 MPH)
|
|
Batting: RHB Dietmar Warmisch
|
0-0: Called Strike Joseph Disepolo is caught stealing 2nd base 2-4 0-1: Foul Ball, location: 2F 0-2: Foul Ball, location: 2F 0-2: Foul Ball, location: 2F 0-2: Strikes out swinging
|
| Bottom of the 4th over - 0 runs, 0 hits, 1 error, 0 left on base; Minnesota 0 - Chicago 1 |
| TOP OF THE 5TH |
|
Minnesota Twins batting - Pitching for Chicago White Sox : RHP Adam Ratcliff
|
|
Batting: RHB Alex Sandoval
|
0-0: Fly out, F4 (Line Drive, 4, EV 69.4 MPH)
|
|
Batting: RHB Greg Harman
|
0-0: Ball 1-0: Ball 2-0: Called Strike 2-1: SOLO HOME RUN (Flyball, 7LD, EV 93.8 MPH), Distance : 348 ft
|
|
Batting: RHB Matt Dunn
|
0-0: Called Strike 0-1: Ball 1-1: Ball 2-1: Ground out 4-3 (Groundball, 4, EV 78.1 MPH)
|
|
Batting: LHB Ricardo Batista
|
0-0: Called Strike 0-1: Ball 1-1: Foul Ball, location: 2F 1-2: Ball 2-2: Ball 3-2: DOUBLE (Flyball, 8RXD, EV 100.6 MPH)
|
|
Batting: RHB Will Leslie
|
0-0: Ball 1-0: Ball 2-0: Ball 3-0: Called Strike 3-1: Base on Balls
|
|
Batting: RHB Miguel Gonzalez
|
0-0: Foul Ball, location: 2F 0-1: Foul Ball, location: 2F 0-2: Ball 1-2: Ball 2-2: Ball 3-2: Strikes out swinging
|
| Top of the 5th over - 1 run, 2 hits, 0 errors, 2 left on base; Minnesota 1 - Chicago 1 |
| BOTTOM OF THE 5TH |
|
Chicago White Sox batting - Pitching for Minnesota Twins : RHP Bud Puffer
|
|
Batting: LHB Sidney Pedder
|
0-0: Swinging Strike 0-1: Called Strike 0-2: Strikes out swinging
|
|
Batting: RHB Dieter Knoops
|
0-0: Ball 1-0: Called Strike 1-1: Swinging Strike 1-2: Strikes out looking
|
|
Batting: RHB Chris Cooper
|
0-0: Ball 1-0: Foul Ball, location: 2F 1-1: Swinging Strike 1-2: SINGLE (Line Drive, 4D, EV 110.6 MPH)
|
|
Batting: RHB Jon Solano
|
0-0: Foul Ball, location: 2F 0-1: Ball 1-1: Ball 2-1: Fly out, F9 (Flyball, 9LM, EV 96.2 MPH)
|
| Bottom of the 5th over - 0 runs, 1 hit, 0 errors, 1 left on base; Minnesota 1 - Chicago 1 |
| TOP OF THE 6TH |
|
Minnesota Twins batting - Pitching for Chicago White Sox : RHP Adam Ratcliff
|
|
Pitching: RHP Jacob Taylor
|
|
|
Batting: LHB Per Meulengracht
|
0-0: Ball 1-0: Ball 2-0: Ball 3-0: Base on Balls
|
|
Batting: LHB Ryan Flynn Jr.
|
0-0: Ball 1-0: Ball 2-0: Ball 3-0: Base on Balls Per Meulengracht to second
|
|
Batting: LHB Harris Vink
|
0-0: Bunted foul 0-1: Ball 1-1: Bunted foul 1-2: DOUBLE (Line Drive, 89D, EV 105.6 MPH) Per Meulengracht scores Ryan Flynn Jr. to third
|
|
Batting: RHB Alex Sandoval
|
0-0: Ball 1-0: Ball Passed Ball! Ryan Flynn Jr. scores Harris Vink to third 2-0: Called Strike 2-1: Foul Ball, location: 2F 2-2: Ball 3-2: Base on Balls
|
|
Batting: RHB Greg Harman
|
0-0: Foul Ball, location: 2F 0-1: Foul Ball, location: 2F 0-2: Ball 1-2: Ball 2-2: Ball 3-2: Fly out, F9 (Flyball, 89S, EV 89.4 MPH)
|
|
Pitching: RHP Ryan Columbo
|
|
|
Batting: RHB Matt Dunn
|
0-0: Called Strike Alex Sandoval steals 2nd base 0-1: Ball 1-1: Called Strike 1-2: Ball 2-2: 3-RUN HOME RUN (Flyball, 78XD, EV 101.9 MPH), Distance : 379 ft
|
|
Batting: LHB Ricardo Batista
|
0-0: Called Strike 0-1: Ball 1-1: SINGLE (Groundball, 4D, EV 105.6 MPH)
|
|
Batting: RHB Will Leslie
|
0-0: Called Strike 0-1: Ball 1-1: Ball 2-1: 2-RUN HOME RUN (Flyball, 7D, EV 93.8 MPH), Distance : 372 ft
|
|
Batting: RHB Miguel Gonzalez
|
0-0: Called Strike 0-1: Swinging Strike 0-2: Foul Ball, location: 2F 0-2: Strikes out looking
|
|
Batting: LHB Per Meulengracht
|
0-0: Ball 1-0: Ball 2-0: Foul Ball, location: 2F 2-1: Foul Ball, location: 2F 2-2: Fly out, F5 (Popup, 56, EV 65.6 MPH)
|
| Top of the 6th over - 7 runs, 4 hits, 0 errors, 0 left on base; Minnesota 8 - Chicago 1 |
| BOTTOM OF THE 6TH |
|
Chicago White Sox batting - Pitching for Minnesota Twins : RHP Bud Puffer
|
|
Batting: SHB Bartholomeu Chambino
|
0-0: Ball 1-0: Swinging Strike 1-1: Ball 2-1: Foul Ball, location: 2F 2-2: SOLO HOME RUN (Flyball, 9D, EV 95.6 MPH), Distance : 361 ft
|
|
Batting: SHB Gus Berry
|
0-0: Called Strike 0-1: Ball 1-1: Fly out, F9 (Flyball, 89S, EV 87.5 MPH)
|
|
Batting: LHB Randy Rosenberry
|
0-0: Swinging Strike 0-1: Ground out U3 (Groundball, 3, EV 91.2 MPH)
|
|
Batting: RHB Joseph Disepolo
|
0-0: Foul Ball, location: 2F 0-1: Foul Ball, location: 2F 0-2: Ball 1-2: Ball 2-2: Foul Ball, location: 2F 2-2: Foul Ball, location: 2F 2-2: Foul Ball, location: 2F 2-2: Ball 3-2: Base on Balls
|
|
Batting: RHB Dietmar Warmisch
|
0-0: Called Strike 0-1: Ball 1-1: Foul Ball, location: 2F 1-2: Foul Ball, location: 2F 1-2: Fly out, F4 (Flyball, 34D, EV 88.8 MPH)
|
| Bottom of the 6th over - 1 run, 1 hit, 0 errors, 1 left on base; Minnesota 8 - Chicago 2 |
| TOP OF THE 7TH |
|
Minnesota Twins batting - Pitching for Chicago White Sox : RHP Ryan Columbo
|
|
Pitching: RHP Allen Speidel
|
|
|
Batting: LHB Ryan Flynn Jr.
|
0-0: Foul Ball, location: 2F 0-1: Ball 1-1: Ball 2-1: Called Strike 2-2: Foul Ball, location: 2F 2-2: Ball 3-2: Foul Ball, location: 2F 3-2: Foul Ball, location: 2F 3-2: Ground out 4-3 (Groundball, 4MS, EV 85.6 MPH)
|
|
Batting: LHB Harris Vink
|
0-0: Ball 1-0: Called Strike 1-1: Ball 2-1: Ground out U3 (Groundball, 3, EV 86.9 MPH)
|
|
Batting: RHB Alex Sandoval
|
0-0: Ball 1-0: Ball 2-0: Ball 3-0: Base on Balls
|
|
Batting: RHB Greg Harman
|
0-0: Called Strike Alex Sandoval is caught stealing 2nd base 2-4
|
| Top of the 7th over - 0 runs, 0 hits, 0 errors, 0 left on base; Minnesota 8 - Chicago 2 |
| BOTTOM OF THE 7TH |
|
Chicago White Sox batting - Pitching for Minnesota Twins : RHP Bud Puffer
|
|
Batting: LHB Sidney Pedder
|
0-0: Ball 1-0: Swinging Strike 1-1: Swinging Strike 1-2: Strikes out swinging
|
|
Batting: RHB Dieter Knoops
|
0-0: Ball 1-0: Ball 2-0: Ball 3-0: Called Strike 3-1: Foul Ball, location: 2F 3-2: Foul Ball, location: 2F 3-2: Foul Ball, location: 2F 3-2: Ground out 4-3 (Groundball, 4, EV 83.1 MPH)
|
|
Batting: RHB Chris Cooper
|
0-0: Ball 1-0: Ball 2-0: Ground out 3-1 (Groundball, 34, EV 99.4 MPH)
|
| Bottom of the 7th over - 0 runs, 0 hits, 0 errors, 0 left on base; Minnesota 8 - Chicago 2 |
| TOP OF THE 8TH |
|
Minnesota Twins batting - Pitching for Chicago White Sox : RHP Allen Speidel
|
|
Batting: RHB Greg Harman
|
0-0: Ball 1-0: Ball 2-0: Ball 3-0: Base on Balls
|
|
Pitching: RHP Mike Willig
|
|
|
Batting: RHB Matt Dunn
|
0-0: Ball 1-0: Called Strike 1-1: Ball 2-1: Called Strike 2-2: Strikes out swinging
|
|
Batting: LHB Ricardo Batista
|
0-0: Swinging Strike 0-1: Ball 1-1: SINGLE (Line Drive, 6D, EV 95.6 MPH) Greg Harman to second
|
|
Batting: RHB Will Leslie
|
0-0: Ball 1-0: Foul Ball, location: 2F 1-1: SINGLE (Line Drive, 8RS, EV 105.6 MPH) Greg Harman to third Ricardo Batista to second Runner from 3rd tries for Home, SAFE, throw by CF to home
|
|
Pinch Hitting: RHB José Molina
|
0-0: Foul Ball, location: 2F 0-1: Swinging Strike 0-2: Ball 1-2: Ball 2-2: Foul Ball, location: 2F 2-2: Ball 3-2: Grounds into double play, 6-4-3 (Groundball, 6MD, EV 83.8 MPH)
|
| Top of the 8th over - 1 run, 2 hits, 0 errors, 1 left on base; Minnesota 9 - Chicago 2 |
| BOTTOM OF THE 8TH |
|
Chicago White Sox batting - Pitching for Minnesota Twins : RHP Bud Puffer
|
|
Now at 2B: José Molina
|
|
|
Batting: RHB Jon Solano
|
0-0: Ball 1-0: Ground out 5-3 (Groundball, 56S, EV 84.4 MPH)
|
|
Pinch Hitting: SHB Alfie Bungledorf
|
0-0: Foul Ball, location: 2F 0-1: Foul Ball, location: 2F 0-2: Ball 1-2: Strikes out swinging
|
|
Batting: SHB Gus Berry
|
0-0: Ball 1-0: Ball 2-0: SINGLE (Groundball, 6M, EV 95.6 MPH)
|
|
Batting: LHB Randy Rosenberry
|
0-0: Ball 1-0: Foul Ball, location: 2F 1-1: Ground out U3 (Groundball, 3, EV 98.8 MPH)
|
| Bottom of the 8th over - 0 runs, 1 hit, 0 errors, 1 left on base; Minnesota 9 - Chicago 2 |
| TOP OF THE 9TH |
|
Minnesota Twins batting - Pitching for Chicago White Sox : RHP Mike Willig
|
|
Now at 3B: Dieter Knoops
|
|
|
Now at SS: Alfie Bungledorf
|
|
|
Batting: LHB Per Meulengracht
|
0-0: Ball 1-0: Foul Ball, location: 2F 1-1: Ball 2-1: Foul Ball, location: 2F 2-2: Foul Ball, location: 2F 2-2: Strikes out swinging
|
|
Batting: LHB Ryan Flynn Jr.
|
0-0: Ball 1-0: Ball 2-0: Foul Ball, location: 2F 2-1: Ground out 6-3 (Groundball, P, EV 80.6 MPH)
|
|
Batting: LHB Harris Vink
|
0-0: Called Strike 0-1: Ball 1-1: Foul Ball, location: 2F 1-2: Ball 2-2: Strikes out swinging
|
| Top of the 9th over - 0 runs, 0 hits, 0 errors, 0 left on base; Minnesota 9 - Chicago 2 |
| BOTTOM OF THE 9TH |
|
Chicago White Sox batting - Pitching for Minnesota Twins : RHP Bud Puffer
|
|
Batting: RHB Joseph Disepolo
|
0-0: Ball 1-0: Fly out, F8 (Flyball, 8RXD, EV 108.1 MPH)
|
|
Batting: RHB Dietmar Warmisch
|
0-0: Swinging Strike 0-1: Ball 1-1: Swinging Strike 1-2: Foul Ball, location: 2F 1-2: Foul Ball, location: 2F 1-2: Ball 2-2: Strikes out swinging
|
|
Batting: LHB Sidney Pedder
|
0-0: Called Strike 0-1: Ball 1-1: Called Strike 1-2: Strikes out swinging
|
| Bottom of the 9th over - 0 runs, 0 hits, 0 errors, 0 left on base; Minnesota 9 - Chicago 2 |
|